 Dungeon Crawl Stone Soup version 0.24-a0-355-gbe4061de67 (webtiles) character file.

Game seed: 797571790853779796

1259 Borgoz the Skirmisher (level 8, -4/70 HPs)
             Began as a Hill Orc Fighter on May 24, 2019.
             Slain by a sky beast (6 damage)
             ... on level 5 of the Dungeon.
             The game lasted 00:04:32 (4633 turns).

Borgoz the Skirmisher (Hill Orc Fighter)            Turns: 4633, Time: 00:04:33

Health: -4/70      AC:  8    Str: 20    XL:     8   Next: 51%
Magic:  8/8        EV: 10    Int:  8    God:
Gold:   216        SH: 10    Dex: 11    Spells: 7/7 levels left

rFire    . . .     SeeInvis .   a - +0 war axe
rCold    . . .     Gourm    .   c - +0 shield
rNeg     . . .     Faith    .   b - +0 scale mail
rPois    .         Spirit   .   g - +0 helmet
rElec    .         Reflect  .   (no cloak)
rCorr    .         Harm     .   (no gloves)
MR       .....                  (no boots)
Stlth    ..........             (no amulet)
HPRegen  0.21/turn              (no ring)
MPRegen  0.11/turn              (no ring)

@: lethally poisoned (-4 -> -8)
A: no striking features
a: no special abilities


You were on level 5 of the Dungeon.
You were hungry.

You visited 1 branch of the dungeon, and saw 5 of its levels.

You collected 216 gold pieces.

Inventory:

Hand Weapons
 a - a +0 war axe (weapon)
Armour
 b - a +0 scale mail (worn)
 c - a +0 shield (worn)
 g - a +0 helmet (worn)
Jewellery
 o - an uncursed ring of wizardry
 w - an uncursed amulet of regeneration {unknown}
Wands
 k - a wand of digging (4)
 p - a wand of disintegration (16)
 t - a wand of random effects (23)
Scrolls
 e - 5 scrolls of teleportation {unknown}
 h - 5 scrolls of identify {unknown}
 i - 3 scrolls of enchant armour {unknown}
 j - 3 scrolls of amnesia {unknown}
 l - 2 scrolls of immolation {unknown}
 n - a scroll of magic mapping {unknown}
 r - a scroll of fear {unknown}
 u - 2 scrolls of noise {unknown}
 v - a scroll of remove curse {unknown}
Potions
 d - a potion of ambrosia {unknown}
 m - 2 potions of brilliance {unknown}
 s - a potion of resistance {unknown}
 x - a potion of heal wounds
Comestibles
 f - 10 rations


   Skills:
 + Level 6.0 Fighting
 + Level 5.9 Axes
 + Level 5.4 Armour
 * Level 4.6 Dodging
 + Level 5.6 Shields


You had 7 spell levels left.
You didn't know any spells.
Your spell library contained the following spells:

 Spells                   Type           Power        Failure   Level  Hunger
 Animate Skeleton         Necr           N/A          98%         1    ##.....
 Pain                     Necr           #...         98%         1    ##.....
 Regeneration             Chrm/Necr      #.........   100%        3    ####...
 Vampiric Draining        Necr           #.........   100%        3    ####...
 Animate Dead             Necr           N/A          100%        4    #####..


Dungeon Overview and Level Annotations

Branches:
Dungeon (5/15)
 Temple: D:4-7

Altars:


Message History

You barely miss the sky beast.
The sky beast is heavily wounded.
You slash the adder! The adder bites you.
* * * LOW HITPOINT WARNING * * *
You are poisoned.
The adder poisons you!
The sky beast flickers out of sight!
Deactivating autopickup; reactivate with Ctrl-A.
Something hits you.
* * * LOW HITPOINT WARNING * * *
Something shocks you.
* * * LOW HITPOINT WARNING * * *
You block the adder's attack.
You closely miss something. You closely miss the adder.
You feel sick. The adder bites you.
* * * LOW HITPOINT WARNING * * *
You are lethally poisoned!
The adder poisons you! Something hits you.
* * * LOW HITPOINT WARNING * * *
Something shocks you.
You die...

####### ###### .<....# #..?.+
......# #....# ......# . ....#
.###'## ... #...# ###..###
....##...# .......# ......{@.#
.......# .$..##S..##########
.......'.....####'##.##....#
.......#...................######
.####..###...##............#.....
.#########...##............#.....
.............#.......##....##....
.............+.......##....##....
.............##......##.....'....


You could see an adder.

Vanquished Creatures
  Grinder (D:3)
  Sigmund (D:4)
  Edmund (D:4)
  2 sky beasts (D:5)
  An ogre (D:5)
  A water moccasin zombie (D:5)
  A hound (D:5)
  2 orc priests
  A centaur skeleton (D:5)
  4 orc wizards
  An iguana (D:5)
  2 worker ants (D:5)
  Robin (D:2)
  2 adders
  3 shadow imps (D:5)
  2 oozes
  An adder skeleton (D:4)
  A dart slug (D:3)
  3 leopard geckos
  11 orcs
  4 giant cockroaches
  18 goblins
  6 hobgoblins
  10 kobolds
  A quokka (D:3)
  7 bats
  14 frilled lizards
  6 rats
108 creatures vanquished.

Notes
Turn   | Place    | Note
-------+----------+-------------------------------------------
     0 | D:1      | Borgoz the Hill Orc Fighter began the quest for the Orb.
     0 | D:1      | Reached XP level 1. HP: 19/19 MP: 1/1
    96 | D:1      | Reached XP level 2. HP: 26/27 MP: 2/2
   224 | D:1      | Reached skill level 1 in Dodging
   589 | D:1      | Reached XP level 3. HP: 33/33 MP: 3/3
  1064 | D:2      | Noticed Robin
  1083 | D:2      | Killed Robin
  1095 | D:2      | HP: 1/33 [poisoned by a goblin]
  1357 | D:2      | Reached skill level 4 in Fighting
  1357 | D:2      | Reached XP level 4. HP: 29/40 MP: 4/4
  1977 | D:3      | Reached XP level 5. HP: 43/46 MP: 5/5
  2362 | D:3      | Noticed Grinder
  2365 | D:3      | Paralysed by Grinder for 2 turns
  2397 | D:3      | Paralysed by Grinder for 3 turns
  2405 | D:3      | HP: 1/46 [Grinder (4)]
  2406 | D:3      | Killed Grinder
  2406 | D:3      | Reached XP level 6. HP: 1/55 MP: 6/6
  3201 | D:4      | HP: 1/55 [orc wizard/magic dart (5)]
  3207 | D:4      | Reached XP level 7. HP: 29/60 MP: 7/7
  3213 | D:4      | Reached skill level 5 in Fighting
  3354 | D:4      | Noticed Sigmund
  3355 | D:4      | Noticed Edmund
  3364 | D:4      | Killed Edmund
  3384 | D:4      | Killed Sigmund
  3384 | D:4      | Reached skill level 5 in Axes
  3384 | D:4      | Reached skill level 5 in Shields
  4081 | D:5      | Entered Level 5 of the Dungeon
  4134 | D:5      | Reached skill level 5 in Armour
  4134 | D:5      | Reached XP level 8. HP: 61/69 MP: 8/8
  4155 | D:5      | HP: 3/69 [sky beast (5)]
  4562 | D:5      | Reached skill level 6 in Fighting
  4633 | D:5      | HP: 2/70 [something (2)]
  4633 | D:5      | Slain by a sky beast

Levels and vault maps discovered:
D:1:      psy_arrival_spokes, layout_loops_corners, minmay_lizard_king
D:2:      layout_loops_cross, first_ration, kennysheep_boxes, uniq_robin
D:3:      minmay_spotlight, layout_basic, uniq_grinder
D:4:      layout_cave_pods, sigmund_edmund_badplayer, uniq_sigmund
D:5:      layout_gridville

Skill      XL: |  1  2  3  4  5  6  7  8 |
---------------+-------------------------+-----
Axes           | 3 4 5 |  5.9
Dodging        | 1 2 3 4 |  4.6
Fighting       | 4 5 6 |  6.0
Shields        | 4 5 |  5.6
Armour         | 4 5 |  5.4

Action                   |  1- 3 |  4- 6 |  7- 9 || total
-------------------------+-------+-------+-------++-------
Melee: War axe           |    98 |   167 |   126 ||   391
       Unarmed           |       |       |    13 ||    13
  Use: Potion            |     2 |     4 |     1 ||     7
 Stab: Invisible         |     1 |       |       ||     1
       Confused          |       |       |     1 ||     1
  Eat: Chunk             |     1 |     7 |     4 ||    12
Armor: Scale mail        |    46 |    67 |    54 ||   167
       Skin              |       |       |     2 ||     2
Dodge: Dodged            |    41 |    75 |    50 ||   166
Block: Shield            |    69 |    98 |    61 ||   228

Table legend:
 A = Non-vault XP
 B = Vault XP
 C = Vault XP percentage of total XP
 D = Non-vault monster count
 E = Vault monster count
 F = Vault count percentage of total count
                 A         B        C        D         E       F
            +---------+---------+-------+---------+---------+-------
      Total |    1082 |     717 |  39.9 |      79 |      29 |  26.9
            +---------+---------+-------+---------+---------+-------
        D:1 |      30 |      15 |  33.3 |      15 |      13 |  46.4
        D:2 |      85 |      33 |  28.0 |      20 |      11 |  35.5
        D:3 |      32 |     284 |  89.9 |      13 |       3 |  18.8
        D:4 |     200 |     385 |  65.8 |      15 |       2 |  11.8
        D:5 |     735 |       0 |   0.0 |      16 |       0 |   0.0
            +---------+---------+-------+---------+---------+-------
